 Dungeon Sprint DCSS version 0.31-a0-1074-g0b22e4e0f1 (webtiles) character file.

Game seed: 13058365380242730040

560 rocky1 the Spear-Bearer (level 7, -4/58 HPs)
             Began as a Demonspawn Gladiator on Dec 3, 2023.
             Was an Initiate of Gozag.
             Slain by a ynoxinul (6 damage)
             ... summoned by a kobold demonologist
             ... in the Dungeon (Sprint III: "The Ten Rune Challenge").
             The game lasted 00:02:13 (1206 turns).

rocky1 the Spear-Bearer (Demonspawn Gladiator)      Turns: 1206, Time: 00:02:14

Health: -4/58      AC:  5    Str: 16    XL:     7   Next: 9%
Magic:  7/7        EV: 15    Int:  9    God:    Gozag
Gold:   306        SH:  0    Dex: 15    Spells: 6/6 levels left

rFire   . . .        a - +0 trident
rCold   . . .        (no shield)
rNeg    . . .        b - +0 leather armour
rPois   .            (helmet restricted)
rElec   .            (no cloak)
rCorr   .            (no gloves)
SInv    .            (no boots)
Will    .....        (no amulet)
Stlth   +            (no ring)
HPRegen 0.29/turn    (no ring)
MPRegen 0.10/turn

%: no teleportation
@: gold aura
A: horns 1, molten scales 1, demonic guardian 1
a: Renounce Religion, Potion Petition, Call Merchant, Bribe Branch


You were in the Dungeon.
You worshipped Gozag.
Gozag was aware of your devotion.
You visited 1 branch You collected 306 gold pieces.

Inventory:

Hand Weapons
 a - a +0 trident (weapon)
Missiles
 e - a javelin
Armour
 b - a +0 leather armour (worn)
 c - a +0 helmet
Scrolls
 f - a scroll of poison {unknown}
 g - 2 scrolls of identify {unknown}
 m - a scroll of torment {unknown}
Potions
 d - 4 potions of mutation
 h - a potion of haste
 i - 2 potions of magic
 n - a potion of degeneration {unknown}
 o - a potion of enlightenment {unknown}
Miscellaneous
 j - a phial of floods


   Skills:
 + Level 6.2 Fighting
 + Level 9.6 Polearms
 + Level 4.2 Throwing
 + Level 4.3 Armour
 + Level 7.2 Dodging
 + Level 0.3 Stealth


You had 6 spell levels left.
You didn't know any spells.
Your spell library was empty.

Dungeon Overview and Level Annotations

Branches:
Dungeon (1/1)

Altars:
Cheibriados
Dithmenos
Fedhas
Gozag
Hepliaklqana
Kikubaaqudgha
Makhleb
Nemelex Xobeh
Qazlal
Ru
Sif Muna
Vehumet
Xom
Yredelemnul
Jiyva
Lugonu


Innate Abilities, Weirdness & Mutations

You have a pair of small horns on your head.
You are partially covered in molten scales. (AC +2)
A weak demonic guardian rushes to your aid.


Message History

Blink to where?
Press: ? - help, Dir - move target
Found an Everburning Encyclopedia.
As you read the scroll of blinking, it crumbles to dust.
The ufetubus closely misses you.
The ufetubus hits you but does no damage.
The kobold demonologist closely misses you.
The ynoxinul closely misses you.
The ufetubus completely misses something.
The ufetubus barely misses something.
The ufetubus misses you. The ufetubus hits you.
You closely miss the kobold demonologist.
The kobold demonologist hits you with a +0 dagger.
The ufetubus hits you. The ufetubus misses you.
The ufetubus misses something.
The ufetubus hits something.
The ynoxinul misses you.
Unknown command.
Press < or > to pray at altars.
You miss the kobold demonologist.
The ufetubus completely misses something. x2
The ufetubus misses you. The ufetubus closely misses you.
The kobold demonologist looks encouraged for a moment.
Unknown command.
Press < or > to pray at altars.
You hit the kobold demonologist but do no damage.
The ufetubus hits you. The ufetubus closely misses you. The ynoxinul hits you!
The ufetubus barely misses something.
The ufetubus hits something.
The ice devil hits you.
* * * LOW HITPOINT WARNING * * *
The ice devil freezes you!
* * * LOW HITPOINT WARNING * * *
A demonic guardian appears!
You barely miss the kobold demonologist.
You headbutt the kobold demonologist.
The kobold demonologist is lightly wounded.
The ufetubus misses something.
The ufetubus barely misses something.
The ufetubus misses you. x2
The kobold demonologist is distracted by your dazzling golden aura.
The ynoxinul hits you.
You die...
Your body crumbles into a pile of gold.

†.#....~♣♣♣♣..###+#+###)##
..#...~~...♣..#..........#
..#..~~~~.....'.⌠........#
#'#..~≈≈~~~...#...######'#
†.#.~~≈~~~....#.5.#__#...#
..#.~≈~~~.....#5..#__#...#
..#.~~~.......#4###__#...#
###...........#34K#__#...+
..............#5@5#__'...#
▓▓▓▓▓▓▓▓▓▓▓▓▓▓▓▓▓▓▓▓▓▓▓▓▓▓


You could see a hellwing (summoned), an ice devil (summoned), a kobold
demonologist (unaware, ally target), a ynoxinul (summoned), 2 ufetubi and a
friendly quasit (summoned).

Vanquished Creatures
  A shadow (D)
  A spatial vortex (D)
  A necrophage (D)
  A water elemental (D)
  A scorpion (D)
  A jelly (D)
  An arcanist (D)
  A necromancer (D)
  A human (D)
  An endoplasm (D)
  3 rats (D)
13 creatures vanquished.

Notes
Turn   | Place    | Note
-------+----------+-------------------------------------------
     0 | D        | rocky1 the Demonspawn Gladiator began the quest for the
                  | Orb.
     0 | D        | Reached XP level 1. HP: 16/16 MP: 1/1
     5 | D        | Reached skill level 3 in Polearms
    70 | D        | Reached skill level 4 in Polearms
    70 | D        | Gained mutation: You are partially covered in molten
                  | scales. (AC +2) [demonic ancestry]
    70 | D        | Reached XP level 2. HP: 10/23 MP: 2/2
   274 | D        | Noticed a scorpion
   296 | D        | Killed a scorpion
   297 | D        | Reached skill level 5 in Polearms
   297 | D        | Reached skill level 1 in Armour
   297 | D        | Gained mutation: You have a pair of small horns on your
                  | head. [demonic ancestry]
   297 | D        | Reached XP level 3. HP: 27/29 MP: 3/3
   297 | D        | Reached XP level 4. HP: 33/35 MP: 4/4
   494 | D        | Noticed a water elemental
   498 | D        | Killed a water elemental
   499 | D        | Reached skill level 6 in Polearms
   499 | D        | Reached skill level 5 in Dodging
   499 | D        | Reached XP level 5. HP: 41/42 MP: 5/5
   717 | D        | Reached skill level 7 in Polearms
   719 | D        | Noticed a shadow
   741 | D        | Killed a shadow
   742 | D        | Reached skill level 5 in Fighting
   742 | D        | Reached skill level 8 in Polearms
   742 | D        | Gained mutation: A weak demonic guardian rushes to your
                  | aid. [demonic ancestry]
   742 | D        | Reached XP level 6. HP: 16/51 MP: 6/6
   947 | D        | Found a blossoming altar of Fedhas.
   947 | D        | Found a stormy altar of Qazlal.
   947 | D        | Found a snail-covered altar of Cheibriados.
   947 | D        | Found a burning altar of Makhleb.
   947 | D        | Found a shimmering altar of Xom.
   948 | D        | Found a hazy altar of Hepliaklqana.
   948 | D        | Found an opulent altar of Gozag.
   948 | D        | Found a sparkling altar of Nemelex Xobeh.
   948 | D        | Found a corrupted altar of Lugonu.
   948 | D        | Found a viscous altar of Jiyva.
   948 | D        | Noticed a spatial vortex
   952 | D        | Became a worshipper of Gozag Ym Sagoz the Greedy
   975 | D        | Killed a spatial vortex
   976 | D        | Reached skill level 9 in Polearms
  1010 | D        | Found a basalt altar of Yredelemnul.
  1010 | D        | Found a shadowy altar of Dithmenos.
  1010 | D        | Found a sacrificial altar of Ru.
  1019 | D        | Reached XP level 7. HP: 48/58 MP: 7/7
  1193 | D        | Found a radiant altar of Vehumet.
  1193 | D        | Found a shimmering blue altar of Sif Muna.
  1193 | D        | Found an ancient bone altar of Kikubaaqudgha.
  1196 | D        | Noticed a ynoxinul
  1197 | D        | Noticed an ice devil
  1201 | D        | Noticed a hellwing
  1205 | D        | HP: 2/58 [ice devil[a kobold demonologist] (14)]
  1206 | D        | Slain by a ynoxinul

Illustrated notes

Levels and vault maps discovered:
D:        dungeon_sprint_mu [sprint_mu_entry_forest, sprint_mu_temple_rooms,
          sprint_mu_d1_spiders, sprint_mu_d2_genie, sprint_mu_d3_branching,
          sprint_mu_orc_legion, sprint_mu_elf_gauntlet, sprint_mu_hive_nellie,
          sprint_mu_lair_fedhas, sprint_mu_vaults_butterflies,
          sprint_mu_slime_circle, sprint_mu_swamp_cave, sprint_mu_snake_twists,
          sprint_mu_blade_basic, sprint_mu_crypt_fortress,
          sprint_mu_tomb_spiral, sprint_mu_vestibule_basic,
          sprint_mu_gehenna_hellfire, sprint_mu_dis_giant,
          sprint_mu_tartarus_statrot, sprint_mu_cocytus_islands, sprint_mu_zot1]

Skill      XL: |  1  2  3  4  5  6 |
---------------+-------------------+-----
Polearms       | 4 5 6 8 9 |  9.6
Dodging        | 3 4 5 6 7 |  7.2
Throwing       | 2 3 4 |  4.2
Fighting       | 3 4 5 6 |  6.2
Armour         | 1 2 3 4 |  4.3
Stealth        | |  0.3

Action                     |  1- 3 |  4- 6 |  7- 9 || total
---------------------------+-------+-------+-------++-------
  Melee: Trident           |    43 |    48 |    11 ||   102
         Headbutt          |       |     8 |     4 ||    12
  Throw: Throwing net      |     4 |       |       ||     4
    Use: Potion            |     2 |     1 |     1 ||     4
         Scroll            |       |       |     1 ||     1
 Armour: Leather armour    |    18 |    14 |    12 ||    44
  Dodge: Dodged            |    17 |    13 |    16 ||    46

Table legend: (Time is in decaauts)
 A = Elapsed time spent in this place.
 B = Non-inter-level travel time spent in this place.
 C = Inter-level travel time spent in this place.
 D = Time resting spent in this place.
 E = Time spent auto-exploring this place.
 F = Levels seen in this place.
 G = Mean time per level.
                   A        B        C        D        E       F      G
               +--------+--------+--------+--------+--------+-----+--------+
         Total |   1217 |   1217 |      0 |    926 |      0 |   1 | 1217.0 |
       Dungeon |   1217 |   1217 |      0 |    926 |      0 |   1 | 1217.0 |
               +--------+--------+--------+--------+--------+-----+--------+

Top non-repeatable levels by time:
       D: 1217 daAuts
